 Dungeon Crawl Stone Soup version 0.18-a0-1637-g109f206 (webtiles) character file.

66507 4thArraOfDagon the Impaler (level 15, -2/176 HPs)
             Began as an Ogre Berserker on Mar 26, 2016.
             Was a High Priest of Trog.
             Slain by a salamander
             ... wielding a +0 halberd
              (6 damage)
             ... in a volcano.
             The game lasted 00:59:18 (9370 turns).

4thArraOfDagon the Impaler (Ogre Berserker)         Turns: 9370, Time: 00:59:18

Health: -2/176     AC: 12    Str: 31    XL:     15   Next: 20%
Magic:  6/6        EV:  9    Int:  5    God:    Trog [*****.]
Gold:   1057       SH:  0    Dex:  8    Spells: 0 memorised, 14 levels left

rFire  . . .     SeeInvis .     O - +8 bardiche (antimagic)
rCold  + . .     Gourm    .     B - +1 swamp dragon armour
rNeg   + . .     Faith    .     (shield currently unavailable)
rPois  +         Spirit   .     (helmet restricted)
rElec  .         Dismiss  .     f - +1 ratskin cloak {rPois rN+ Int-1 Dex-1}
rCorr  .         Reflect  .     (gloves unavailable)
SustAt .         Harm     .     (boots unavailable)
MR     ++++.     Clarity  +     H - amulet of regeneration
Stlth  ..........               R - ring of flight
                                t - ring of protection from magic

@: exhausted, very slightly contaminated, regenerating, slowed, invisible, very
slow, incredibly resistant to hostile enchantments, extremely unstealthy
A: unfitting armour, horns 1, clarity, cold resistance 1, tough skin 1
a: Berserk, Trog's Hand, Brothers in Arms, Burn Spellbooks, Renounce Religion,
Evoke Flight


You were in a volcano.
You worshipped Trog.
Trog was extremely pleased with you.
You were not hungry.

You visited 3 branches of the dungeon, and saw 20 of its levels.
You visited 1 bazaar.
You also visited: Labyrinth and Volcano.

You collected 1421 gold pieces.
You spent 364 gold pieces at shops.

Inventory:

Hand Weapons
 b - the +7 great mace "Undeadhunter" {disrupt, rN+}
   (You found it in a labyrinth)

   It protects you from negative energy.
 I - a +0 blowgun
 O - a +8 antimagic bardiche (weapon)
Missiles
 a - 20 large rocks (quivered)
Armour
 f - the +1 ratskin cloak (worn) {rPois rN+ Int-1 Dex-1}
   (You found it in a labyrinth)

   It affects your intelligence (-1).
   It affects your dexterity (-1).
   It protects you from poison.
   It protects you from negative energy.
 i - a troll hide
 B - a +1 swamp dragon armour (worn)
 L - a steam dragon hide
 P - a +0 robe of cold resistance
Rods
 Q - a +1 rod of ignition (13/13)
   (You found it in a labyrinth)
Jewellery
 h - the ring "Ygusung" {Wiz *Corrode Dex+4}
   (You found it on level 15 of the Dungeon)

   [ring of wizardry]

   It improves your spell success rate.
   It affects your dexterity (+4).
   It may corrode you when you take damage.
 p - an uncursed ring of ice
 t - a ring of protection from magic (left hand)
 H - an amulet of regeneration (around neck)
 K - an uncursed amulet of harm {unknown}
 R - a ring of flight (right hand)
 S - the ring of Waenob {Ice Str-2 Int+2 Dex+5 SInv}
   (You found it in a labyrinth)

   [ring of ice]

   It enhances your ice magic, and weakens your fire magic.
   It affects your strength (-2).
   It affects your intelligence (+2).
   It affects your dexterity (+5).
   It makes you vulnerable to fire.
   It protects you from cold.
   It lets you see invisible.
Wands
 n - a wand of slowing (2/48)
 q - a wand of slowing (27/48)
 u - a wand of acid (8/15)
 v - a wand of lightning (8/15)
 z - a wand of teleportation (6/9)
 J - a wand of iceblast (1/15)
 M - a wand of disintegration (8/24)
 U - a wand of random effects (40/48)
 X - a wand of disintegration (13/24)
 Z - a wand of iceblast (10/15)
Scrolls
 e - a scroll of fog
 j - 3 scrolls of recharging
 k - 3 scrolls of blinking
 o - 3 scrolls of immolation
 r - 8 scrolls of remove curse
 A - 2 scrolls of noise
 C - a scroll of fear
 E - a scroll of identify
 V - 4 scrolls of teleportation
Potions
 l - 2 potions of curing
 w - 2 potions of ambrosia
 D - 3 potions of flight
 G - a potion of invisibility
 N - 2 potions of brilliance
 Y - a potion of agility {unknown}
Books
 d - a book of Ice

   Spells                             Type                      Level
   a - Ice Form                       Ice/Transmutation            4
   b - Metabolic Englaciation         Hexes/Ice                    5
   c - Ozocubu's Refrigeration        Ice                          6
   d - Bolt of Cold                   Conjuration/Ice              6
   e - Freezing Cloud                 Conjuration/Ice/Air          6
   f - Simulacrum                     Ice/Necromancy               6
   Trog disapproves of the use of such an item.
 m - a book of Minor Magic

   Spells                             Type                      Level
   a - Magic Dart                     Conjuration                  1
   b - Blink                          Translocation                2
   c - Call Imp                       Summoning                    2
   d - Repel Missiles                 Charms/Air                   2
   e - Slow                           Hexes                        2
   f - Conjure Flame                  Conjuration/Fire             3
   g - Mephitic Cloud                 Conjuration/Poison/Air       3
   Trog disapproves of the use of such an item.
 T - a book of Enchantments

   Spells                             Type                      Level
   a - Cause Fear                     Hexes                        4
   b - Yara's Violent Unravelling     Hexes/Transmutation          5
   c - Silence                        Hexes/Air                    5
   d - Deflect Missiles               Charms/Air                   6
   e - Haste                          Charms                       6
   f - Discord                        Hexes                        8
   Trog disapproves of the use of such an item.
 W - a book of Party Tricks

   Spells                             Type                      Level
   a - Summon Butterflies             Summoning                    1
   b - Apportation                    Translocation                1
   c - Tukima's Dance                 Hexes                        3
   d - Alistair's Intoxication        Transmutation/Poison         5
   e - Invisibility                   Hexes                        6
   Trog disapproves of the use of such an item.
Miscellaneous
 g - a lamp of fire
 s - a box of beasts
 y - a phial of floods
Comestibles
 c - 7 bread rations
 x - 16 royal jellies
 F - 3 meat rations


   Skills:
 + Level 18.2 Fighting
 * Level 19.2 Polearms
 + Level 5.1 Armour
 - Level 2.6 Dodging
 + Level 4.0 Evocations


You had 14 spell levels left.
You didn't know any spells.

Dungeon Overview and Level Annotations

Branches:
Dungeon (15/15)            Temple (0/1) D:6            Lair (3/8) D:8
    Orc (2/2) D:9             Elf (0/3) Orc:2        Vaults (0/5) D:13
 Depths (0/5) D:15
  Swamp: Lair:3-6    Shoals: Lair:3-6     Snake: Lair:3-6    Spider: Lair:3-6

Altars:
Dithmenos
Fedhas
Pakellas
Qazlal
Trog
Yredelemnul
Zin

Shops:
D:14 %[   Orc:2 (}*[

Annotations:
D:15 Nessos


Innate Abilities, Weirdness & Mutations

You are too large for most types of armour.
You have tough skin (AC +1).
You have a pair of small horns on your head.
You possess an exceptional clarity of mind.
Your flesh is cold resistant.


Message History

Trog accepts your kill.
The iceblast engulfs the salamander.
The salamander is frozen!
The salamander is severely wounded.
Evoking this partially-identified wand wasted a few charges.
The salamander hits you from afar with a halberd!
* * * LOW HITPOINT WARNING * * *
You are engulfed in flames!
* * * LOW HITPOINT WARNING * * *
Unknown command.
Unknown command.
Evoke which item? (* to show all) (? for menu, Esc to quit)
Zapping:
J - a wand of iceblast {zapped: 2} (will waste charges)
Press: ? - help, Shift-Dir - straight line, f/p - salamander
Aim: a salamander, wielding a halberd (severely wounded)
The mass of ice explodes!
The iceblast engulfs the salamander.
The salamander is frozen!
The salamander is almost dead.
Evoking this partially-identified wand wasted a few charges.
The salamander hits you from afar with a halberd.
You die...

≈§§§§≈≈.#############
≈≈≈§≈§..# '.....'
§≈≈§≈≈≈.# .8_8.
§≈≈≈≈§..# )))
≈≈§≈§≈≈.###++###)#
§§§§§≈..#......#.#
§§§≈≈≈§.######.#N#
≈≈§≈≈≈..# #.# ≈≈§§§≈≈.#
#@# §≈§§≈≈..# #.#
≈≈§§≈≈..# #.#
≈≈≈≈≈≈≈.########+######
≈≈≈≈≈§§.§........§.....§
≈§≈≈≈§≈≈§≈≈.§.≈≈≈§.≈≈§§.
§≈§§≈≈≈≈§§§§§§≈§§≈§≈§≈≈≈
≈≈≈§≈≈≈≈≈≈≈§§≈§≈≈§≈≈≈≈≈§
§≈§§§≈≈≈§≈§≈≈≈≈≈≈≈≈≈≈≈§≈


You could see a salamander.

Vanquished Creatures
  Agnes (D:14)
  A juggernaut zombie (D:15)
  The ghost of Omaping the Severer, a journeyman HOFi of Trog (Orc:2)
  A minotaur (Lab)
  Josephine (D:10)
  A great orb of eyes (shapeshifter) (D:15)
  Erolcha (D:9)
  A hydra (Lair:3)
  5 ogre magi
  A centaur warrior (D:14)
  2 tengu warriors (D:13)
  A vampire mage (D:15)
  Urug (D:14)
  Nergalle (D:10)
  A salamander mystic (Volcano)
  A skeletal warrior (D:15)
  2 deep trolls (Orc:2)
  4 unseen horrors
  Pikel (D:7)
  An orc knight (D:15)
  9 hill giants
  4 salamanders (Volcano)
  A necromancer (D:15)
  6 ugly things
  A griffon (D:14)
  2 manticores (D:15)
  4 cyclopes
  4 elephants (Lair:2)
  A spriggan zombie (D:15)
  3 centaur zombies
  A spriggan skeleton (D:15)
  2 spiny frogs (Lair:3)
  A torpor snail (Lair:3)
  A gargoyle (D:9)
  2 kobold demonologists (D:13)
  A freezing wraith (D:15)
  An efreet (D:14)
  3 komodo dragons
  A tengu conjurer (D:13)
  A queen bee (Lair:1)
  10 trolls
  14 two-headed ogres
  8 blink frogs
  9 slime creatures (D:15)
  2 shadows (D:11)
  4 wraiths
  31 yaks
  2 redbacks (D:15)
  A vampire (D:14)
  A human (D:9)
  A hog (D:9)
  4 hippogriffs
  A hungry ghost (D:13)
  3 vampire mosquitoes
  2 steam dragons
  Edmund (D:6)
  3 wargs
  Menkaure (D:7)
  A mottled dragon (D:12)
  4 porcupines
  4 ice beasts
  13 orc warriors
  3 sky beasts
  4 water moccasins
  A slave (D:7)
  3 black bears
  A necrophage (D:11)
  2 phantoms
  26 ogres
  12 wolves (Lair:2)
  11 centaurs
  3 crocodiles
  5 big kobolds
  4 giant frogs
  A water moccasin zombie (D:6)
  A wyvern skeleton (D:14)
  A water moccasin skeleton (D:7)
  2 scorpions
  4 wights (D:9)
  24 killer bees (Lair:1)
  A howler monkey (D:4)
  5 crimson imps
  A giant frog zombie (D:11)
  2 quasits
  2 lava snakes (Volcano)
  2 jellies
  11 orc priests
  5 hounds
  Crazy Yiuf (D:4)
  A giant frog skeleton (D:11)
  2 centaur skeletons
  11 orc wizards
  3 iguanas
  6 worker ants
  15 sheep
  A hound zombie (D:6)
  2 worker ant zombies
  5 adders
  4 gnolls (Orc:2)
  14 river rats (Lair:1)
  3 shadow imps
  A white imp (D:9)
  3 adder skeletons
  A worm (D:1)
  A dart slug (D:4)
  3 giant geckos
  62 orcs
  2 ball pythons
  7 giant cockroaches
  A goblin (D:3)
  9 jackals
  14 kobolds
  3 quokkas
  A giant gecko skeleton (D:6)
  3 giant newts
  A quokka simulacrum (D:9)
  A quokka skeleton (D:6)
  4 rats
  A fungus (D:8)
521 creatures vanquished.

Vanquished Creatures (collateral kills)
  Rupert (D:15)
  A skeletal warrior (D:15)
  An orc wizard (Orc:2)
  An orc (Orc:2)
4 creatures vanquished.

Vanquished Creatures (others)
  A centaur skeleton (D:15)
  A wyvern (D:11)
  2 plants
  15 withered plants (D:15)
19 creatures vanquished.

Grand Total: 544 creatures vanquished

Notes
Turn   | Place    | Note
--------------------------------------------------------------
     0 | D:1      | 4thArraOfDagon the Ogre Berserker began the quest for the Orb.
     0 | D:1      | Reached XP level 1. HP: 24/24 MP: 1/1
     6 | D:1      | Found a runed door.
    22 | D:1      | Reached XP level 2. HP: 33/33 MP: 2/2
   168 | D:3      | Reached XP level 3. HP: 40/40 MP: 3/3
   172 | D:3      | Reached skill level 4 in Polearms
   216 | D:3      | jacquesderrida: dang
   229 | D:3      | Reached ** piety under Trog
   231 | D:3      | Reached XP level 4. HP: 49/49 MP: 4/4
   235 | D:3      | jacquesderrida: Whatever happened to the big mayne
   289 | D:3      | Found a glowing silver altar of Zin.
   316 | D:2      | jacquesderrida: deeeeeeeeeeeeeeeeeeeeeeng
   368 | D:3      | jacquesderrida: stoopit bigger
   508 | D:4      | Reached skill level 5 in Fighting
   551 | D:4      | Reached XP level 5. HP: 36/57 MP: 5/5
   591 | D:4      | Reached skill level 5 in Polearms
   602 | D:4      | Noticed Crazy Yiuf
   613 | D:4      | Killed Crazy Yiuf
   787 | D:5      | Entered Level 5 of the Dungeon
   868 | D:6      | Reached XP level 6. HP: 46/67 MP: 6/6
   944 | D:6      | Noticed a phantom
   983 | D:5      | Reached skill level 6 in Polearms
  1006 | D:6      | Noticed Edmund
  1041 | D:6      | Killed Edmund
  1041 | D:6      | Reached XP level 7. HP: 23/76 MP: 7/7
  1059 | D:6      | Reached skill level 7 in Polearms
  1199 | D:6      | Noticed a steam dragon
  1230 | D:6      | Killed a steam dragon
  1230 | D:6      | Reached XP level 8. HP: 49/88 MP: 8/8
  1279 | D:6      | Reached skill level 8 in Polearms
  1291 | D:6      | Found a staircase to the Ecumenical Temple.
  1601 | D:7      | Noticed Menkaure
  1605 | D:7      | Killed Menkaure
  1605 | D:7      | Reached skill level 9 in Polearms
  1755 | D:7      | Noticed Pikel
  1769 | D:7      | Killed Pikel
  1769 | D:7      | Reached skill level 10 in Polearms
  1769 | D:7      | Reached XP level 9. HP: 101/101 MP: 9/9
  1946 | D:8      | Reached skill level 10 in Fighting
  1969 | D:8      | Found a staircase to the Lair.
  2066 | D:8      | Found a basalt altar of Yredelemnul.
  2164 | D:9      | Found a stormy altar of Qazlal.
  2203 | D:9      | Reached *** piety under Trog
  2252 | D:9      | Found a blossoming altar of Fedhas.
  2325 | D:9      | FREE DRAIN!!!!
  2325 | D:9      | $$$
  2369 | D:9      | Found a staircase to the Orcish Mines.
  2369 | D:9      | Noticed Erolcha
  2394 | D:9      | Killed Erolcha
  2394 | D:9      | Reached skill level 11 in Polearms
  2394 | D:9      | Reached XP level 10. HP: 113/113 MP: 10/10
  2472 | D:9      | Reached skill level 12 in Polearms
  2485 | D:9      | :(
  2647 | D:10     | Entered Level 10 of the Dungeon
  2652 | D:10     | Found a bloodstained altar of Trog.
  2759 | D:10     | Noticed a hill giant
  2799 | D:10     | Killed a hill giant
  2921 | D:10     | Noticed Nergalle
  2938 | D:10     | Killed Nergalle
  2938 | D:10     | Reached skill level 13 in Polearms
  3007 | D:10     | Killed an unseen horror
  3007 | D:10     | Reached XP level 11. HP: 124/124 MP: 11/11
  3125 | D:11     | Identified a scroll of acquirement
  3133 | D:10     | Noticed Josephine
  3134 | D:10     | :(
  3146 | D:10     | :(
  3252 | D:10     | Killed Josephine
  3252 | D:10     | Reached skill level 14 in Polearms
  3335 | D:11     | Noticed a hill giant
  3352 | D:11     | Killed a hill giant
  3352 | D:11     | Reached skill level 1 in Evocations
  3368 | D:11     | Killed an unseen horror
  3481 | D:11     | Found an oddly glowing altar of Pakellas.
  3481 | D:11     | Noticed an orange crystal statue
  3489 | D:11     | Noticed a hill giant
  3588 | D:11     | Noticed a hill giant
  3600 | D:11     | Killed a hill giant
  3727 | D:12     | Reached **** piety under Trog
  3818 | D:12     | Reached XP level 12. HP: 139/139 MP: 13/13
  3955 | D:11     | Reached skill level 15 in Polearms
  3961 | D:11     | Gained mutation: Your flesh is cold resistant. [mutagenic meat]
  3962 | D:11     | Gained mutation: You have a pair of small horns on your head. [mutagenic meat]
  3963 | D:11     | Gained mutation: You possess an exceptional clarity of mind. [mutagenic meat]
  4111 | D:13     | Noticed a tengu warrior
  4121 | D:13     | Killed a tengu warrior
  4307 | D:13     | Noticed a centaur warrior
  4449 | Orc:1    | Entered Level 1 of the Orcish Mines
  4661 | Orc:2    | Entered Level 2 of the Orcish Mines
  4681 | Orc:2    | Found a staircase to the Elven Halls.
  4929 | Orc:2    | Noticed Omaping's ghost (journeyman HOFi)
  4936 | Orc:2    | Found a flickering gateway to a bazaar.
  4946 | Bazaar   | Entered a bazaar
  4947 | Bazaar   | Found Naolor's Magic Scroll Boutique.
  4947 | Bazaar   | Found Vaeclov's Antique Armour Shop.
  4948 | Bazaar   | Found Obawkueho's Book Emporium.
  4949 | Bazaar   | Found Warch's Weapon Emporium.
  4990 | Bazaar   | Bought a scroll of blinking for 90 gold pieces
  4990 | Bazaar   | Bought a scroll of enchant weapon for 90 gold pieces
  4990 | Bazaar   | Bought a scroll of identify for 24 gold pieces
  4990 | Bazaar   | Bought a scroll of identify for 24 gold pieces
  4990 | Bazaar   | Bought a scroll of magic mapping for 42 gold pieces
  4990 | Bazaar   | Bought a scroll of teleportation for 36 gold pieces
  5002 | Bazaar   | Bought a runed robe for 18 gold pieces
  5029 | Orc:2    | Killed Omaping's ghost
  5142 | Orc:2    | Noticed an ogre mage
  5159 | Orc:2    | Killed an ogre mage
  5165 | Orc:2    | Noticed an ogre mage
  5180 | Orc:2    | Reached skill level 15 in Fighting
  5186 | Orc:2    | Killed an ogre mage
  5189 | Orc:2    | Reached skill level 16 in Polearms
  5201 | Orc:2    | jacquesderrida: STOP KILLING YOUR OWN!!!!!!!!!!1
  5215 | Orc:2    | Reached XP level 13. HP: 73/150 MP: 15/15
  5274 | Orc:2    | jacquesderrida: nois
  5296 | Orc:2    | jacquesderrida: you kyl ol
  5349 | Orc:2    | Reached ***** piety under Trog
  5372 | Orc:2    | Found Qayjaez's Antique Armour Shop.
  5446 | Orc:2    | Found Houvosch's Assorted Antiques.
  5451 | Orc:2    | Found Enaf's Gadget Boutique.
  5452 | Orc:2    | Found Wyubonlu's Weapon Shop.
  5694 | Orc:2    | jacquesderrida: twister
  5699 | Orc:2    | jacquesderrida: heh
  5699 | Orc:2    | Bought a scroll labeled ZILOCZ ZOSOAF for 40 gold pieces
  5711 | Orc:2    | jacquesderrida: ruined ice armern
  5934 | D:13     | Found a gate to the Vaults.
  6034 | D:13     | Reached skill level 17 in Polearms
  6128 | D:14     | Found Gepeti's Armour Boutique.
  6268 | D:15     | Entered Level 15 of the Dungeon
  6355 | D:15     | jacquesderrida: Dennnnnnnnnn''
  6382 | D:15     | Found a labyrinth entrance.
  6409 | D:15     | Received a gift from Trog
  6524 | Lab      | Entered a labyrinth
  6659 | Lab      | jacquesderrida: hi
  6681 | Lab      | Noticed a minotaur
  6687 | Lab      | Killed a minotaur
  6692 | Lab      | jacquesderrida: This place is quote labyrinthian
  6692 | Lab      | TALOS??
  6693 | Lab      | jacquesderrida: quite
  6695 | Lab      | jacquesderrida: Ayyyyyyyyyyyyy
  6695 | Lab      | jacquesderrida: Hantar
  6695 | Lab      | jacquesderrida: SCORCHERS
  6695 | Lab      | Got a shimmering tin ring
  6717 | Lab      | Identified the ring of Waenob {Ice Str-2 Int+2 Dex+5 SInv} (You found it in a labyrinth)
  6720 | Lab      | jacquesderrida: hmmmmmmmmmmmmmmmmmmmmmmm
  6723 | Lab      | Identified a +1 rod of ignition (13/13) (You found it in a labyrinth)
  6724 | Lab      | jacquesderrida: KOOL BARDERICHE
  6729 | D:15     | Noticed an ogre mage
  6732 | D:15     | Found a staircase to the Depths.
  6732 | D:15     | Noticed Rupert
  6757 | D:15     | Noticed Nessos
  6884 | D:15     | Killed an ogre mage
  6884 | D:15     | Reached skill level 1 in Armour
  6888 | D:15     | Reached XP level 14. HP: 163/163 MP: 5/16
  6907 | D:15     | Reached skill level 18 in Polearms
  6959 | D:15     | Got an ancient steel ring
  6960 | D:15     | Identified the ring "Ygusung" {Wiz *Corrode Dex+4} (You found it on level 15 of the Dungeon)
  7114 | D:14     | Noticed Urug
  7121 | D:14     | Killed Urug
  7413 | D:15     | Killed Rupert
  7539 | D:14     | Noticed Agnes
  7553 | D:14     | Killed Agnes
  7627 | D:14     | Found Funofrai's Book Emporium.
  7646 | D:14     | Found Ellilarghun's Food Shop.
  8146 | D:7      | Found a shadowy altar of Dithmenos.
  8236 | Lair:1   | Entered Level 1 of the Lair of Beasts
  8693 | Lair:2   | Reached skill level 19 in Polearms
  8749 | Lair:2   | Received a gift from Trog
  8847 | Lair:2   | Reached XP level 15. HP: 50/176 MP: 5/17
  9244 | Lair:3   | Found a dark tunnel.
  9264 | Volcano  | Entered a volcano
  9273 | Volcano  | Reached skill level 5 in Armour
  9342 | Volcano  | Found a bloodstained altar of Trog.
  9366 | Volcano  | HP: 5/176 [salamander/trident (11)]
  9369 | Volcano  | HP: 1/176 [salamander/halberd (13)]
  9370 | Volcano  | Slain by a salamander

Vault maps used:
D:1:      dpeg_arrival_caged_fury
D:2:      first_bread
D:3:      zin_scriptorium, minmay_misc_feat_four_crosses
D:4:      uniq_crazy_yiuf_cottage
D:5:      lemuel_coloured_pillars_altar, serial_co_window_serial,
          co_window_corner_a, co_window_cross_1, co_window_corner_a,
          co_window_corner_a, co_window_paths_a, co_window_broadway_b,
          co_window_2corner, co_window_cross_2, co_window_sun,
          co_window_paths_e, glass_columns_a, glass_columns_c, basic_altar,
          nemelex_lonely_heart_becter
D:6:      minmay_temple_entry_from_below_a, tgw_sif, uniq_edmund
D:7:      grunt_dithmenos_smoke, lemuel_mausoleum_altar_kikubaaqudgha,
          lemuel_oklob_altar, uniq_menkaure, uniq_pikel
D:8:      kennysheep_mini, old_standard_altar, lightli_temple_of_fire,
          dpeg_oklobed_lair
D:9:      fedhas_altar_3, orc_0_dummy, serial_ice, serial_ice_k, serial_ice_n,
          serial_ice_b, serial_ice_a, grunt_livestock, serial_bayou_pond_c,
          grunt_qazlal_clouds, uniq_erolcha
D:10:     basic_altar, serial_bayou_crossing, uniq_nergalle, uniq_josephine
D:11:     nicolae_two_hexagons, gammafunk_pakellas_statue_experiment
D:13:     david_vaults_2, st_stairs_2
D:14:     serial_shops, shop, shop, kennysheep_mini_moat,
          minmay_misc_feat_doors, st_stairs_8, uniq_urug, uniq_agnes
D:15:     gammafunk_depths_entry_grave, lemuel_statue_altar, lab_entry_generic,
          uniq_louise, uniq_nessos, uniq_rupert
Lair:3:   minmay_swamp_entry_reptiles, nicolae_volcano_entry_lava_flow,
          infiniplex_staircase_pool
Orc:1:    minmay_orc_barracks
Orc:2:    st_orc_open, serial_shops, bzr_entry_lakeside
Bazaar:   bazaar_minmay_plants
Volcano:  volcano_lake

Skill      XL: |  1  2  3  4  5  6  7  8  9 10 11 12 13 14 15 |
---------------+----------------------------------------------+-----
Polearms       | 4 5 6 7 10 11 13 14 16 17 19 | 19.2
Fighting       | 5 6 7 9 11 12 14 15 16 17 18 | 18.2
Evocations     | 2 3 4 |  4.0
Armour         | 1 4 5 |  5.1
Dodging        | |  2.6

Action                   |  1- 3 |  4- 6 |  7- 9 | 10-12 | 13-15 || total
-------------------------+-------+-------+-------+-------+-------++-------
Melee: Spear             |    27 |       |       |       |       ||    27
       Trident           |    20 |   127 |   262 |   469 |   231 ||  1109
       Bardiche          |       |       |       |       |   536 ||   536
Invok: Berserk           |     4 |     4 |    14 |    18 |    20 ||    60
       Trog's Hand       |       |     2 |    10 |    16 |    15 ||    43
       Brothers in Arms  |       |       |       |     1 |     3 ||     4
 Abil: Evoke Flight      |       |       |       |       |     1 ||     1
Evoke: Wand              |       |       |     4 |     7 |     8 ||    19
  Use: Scroll            |       |     5 |     4 |     8 |    16 ||    33
       Potion            |       |     2 |     1 |     4 |     4 ||    11
 Stab: Sleeping          |       |     1 |       |       |       ||     1
  Eat: Chunk             |     1 |     8 |    14 |    27 |    27 ||    77
       Fruit             |       |       |     2 |     5 |       ||     7
       Pizza             |       |       |     1 |       |     9 ||    10
       Bread ration      |       |       |     1 |       |       ||     1
       Beef jerky        |       |       |       |     2 |     2 ||     4
